 Dungeon Crawl Stone Soup version 0.25.1-2-g60ff931df9 (webtiles) character file.

Game seed: 6718274900983951055

156 funkygono the Conjurer (level 5, 0/28 HPs)
             Began as a Deep Elf Conjurer on Oct 29, 2020.
             Slain by a gnoll (1 damage)
             ... on level 3 of the Dungeon.
             The game lasted 00:06:49 (2504 turns).

funkygono the Conjurer (Deep Elf Conjurer)          Turns: 2504, Time: 00:06:49

Health: 0/28       AC:  4    Str:  5    XL:     5   Next: 14%
Magic:  3/12       EV: 13    Int: 21    God:
Gold:   141        SH:  0    Dex: 15    Spells: 1/11 levels left

rFire    + . .     SeeInvis .   e - +0 dagger
rCold    x . .     Gourm    .   (no shield)
rNeg     . . .     Faith    .   a - +2 robe
rPois    .         Spirit   .   (no helmet)
rElec    .         Reflect  .   (no cloak)
rCorr    .         Harm     .   (no gloves)
MR       .....                  (no boots)
Stlth    ++........             q - amulet of the acrobat
HPRegen  0.09/turn              k - ring of fire
MPRegen  0.13/turn              (no ring)

@: no status effects
A: no striking features
a: no special abilities


You were on level 3 of the Dungeon.
You were not hungry.

You visited 1 branch of the dungeon, and saw 3 of its levels.

You collected 141 gold pieces.

Inventory:

Hand Weapons
 e - a +0 dagger (weapon)
Missiles
 f - 103 stones (quivered)
Armour
 a - a +2 robe (worn)
Jewellery
 h - an uncursed amulet of faith
 k - a ring of fire (left hand)
 q - an amulet of the acrobat (around neck)
Scrolls
 m - 3 scrolls of identify
 n - a scroll of amnesia
 p - 2 scrolls of enchant armour
 u - a scroll of teleportation {unknown}
 v - a scroll of fog {unknown}
Potions
 d - a potion of cancellation {unknown}
 g - 2 potions of brilliance {unknown}
 i - 2 potions of heal wounds {unknown}
 j - 3 potions of lignification
 l - a potion of mutation {unknown}
 o - a potion of degeneration {unknown}
 r - a potion of berserk rage {unknown}
 s - a potion of flight {unknown}
 t - a potion of stabbing {unknown}
 w - a potion of magic {unknown}
Comestibles
 b - 4 chunks of flesh
 c - 3 rations


   Skills:
 + Level 2.6 Dodging
 + Level 2.8 Stealth
 * Level 3.8 Spellcasting
 * Level 6.6 Conjurations


You had one spell level left.
You knew the following spells:

 Your Spells              Type           Power        Failure   Level  Hunger
a - Magic Dart            Conj           ####         1%          1    None
b - Searing Ray           Conj           ####..       1%          2    #......
c - Dazzling Flash        Conj/Hex       ###...       10%         3    ###....
d - Fulminant Prism       Conj/Hex       ###.......   30%         4    ####...

Your spell library contained the following spells:

 Spells                   Type           Power        Failure   Level  Hunger
 Iskenderun's Mystic Bla  Conj/Tloc      ###.....     30%         4    ####...


Dungeon Overview and Level Annotations

Branches:
Dungeon (3/15)

Altars:
Dithmenos
Hepliaklqana
Okawaru
Xom


Message History

The magic dart hits the gnoll.
The gnoll is severely wounded.
The gnoll barely misses you. The gnoll closely misses you.
There is an escape hatch in the ceiling here.
The gnoll throws a throwing net.
The throwing net hits you.
You become entangled in the net!
You stop ascending the stairs.
The gnoll hits you.
Unknown command.
You can't do that while held in a net.
You can't do that while held in a net.
You can't do that while held in a net.
Unknown command.
You tear a large gash into the net.
The gnoll closely misses you.
You struggle against the net.
The gnoll hits you.
* * * LOW HITPOINT WARNING * * *
You struggle against the net.
The gnoll hits you.
* * * LOW HITPOINT WARNING * * *
You shred the net and break free! The gnoll hits you.
You die...

##.#.###...........####..........
.#.................##.......##.##
..............##................)
..........##..##..........#.##.##
......................#####.##.#
.............###.^.......##.#..##
..............##.....###.........
..............)#ggg..#####....###
................@÷....####....#
...............#..........#######
.##.<...#.....#......####....>..#
#########.).....###### ##......#
#.....(.## ##.....# #...†...#
#.....# #.......# #.....# #.....
#.....# #.....#


You could see 3 gnolls.

Vanquished Creatures
  Jessica (D:2)
  3 gnolls (D:3)
  4 adders
  A worm (D:2)
  4 dart slugs
  An orc (D:3)
  7 bats
  2 giant cockroaches (D:1)
  5 goblins
  4 hobgoblins
  5 jackals
  2 ball pythons
  5 frilled lizards
  10 kobolds
  5 rats
59 creatures vanquished.

Notes
Turn   | Place    | Note
-------+----------+-------------------------------------------
     0 | D:1      | funkygono the Deep Elf Conjurer began the quest for the
                  | Orb.
     0 | D:1      | Reached XP level 1. HP: 10/10 MP: 6/6
   154 | D:1      | Reached XP level 2. HP: 15/15 MP: 1/8
   158 | D:1      | Learned a level 2 spell: Searing Ray
   172 | D:1      | Reached skill level 5 in Conjurations
   799 | D:1      | You fall into a shaft and drop 1 floor!
   825 | D:2      | Reached XP level 3. HP: 19/19 MP: 4/9
  1056 | D:2      | Found a hazy altar of Hepliaklqana.
  1062 | D:2      | Found a shimmering altar of Xom.
  1063 | D:2      | Noticed a spectral ugly thing
  1204 | D:2      | Learned a level 3 spell: Dazzling Flash
  1930 | D:3      | Noticed Jessica
  1937 | D:2      | Killed Jessica
  1937 | D:2      | Reached XP level 4. HP: 24/24 MP: 3/11
  1939 | D:2      | Reached skill level 6 in Conjurations
  2045 | D:3      | Learned a level 4 spell: Fulminant Prism
  2075 | D:3      | Found an iron altar of Okawaru.
  2185 | D:3      | Found a shadowy altar of Dithmenos.
  2457 | D:3      | Reached XP level 5. HP: 28/28 MP: 3/12
  2503 | D:3      | HP: 1/28 [gnoll (4)]
  2504 | D:3      | Slain by a gnoll

Illustrated notes

Levels and vault maps discovered:
D:1:      eino_arrival_cavern_e, layout_rooms, glass_columns_a
D:2:      layout_basic, regret_index_temple_of_mockery, serial_rivers,
          chequers_serial_rivers_room_b, chequers_serial_rivers_room_b,
          chequers_serial_rivers_room_b, chequers_serial_rivers_small_b
D:3:      layout_rooms, lemuel_crystal_altar, lemuel_crystal_altar, uniq_jessica

Skill      XL: |  1  2  3  4 |
---------------+-------------+-----
Conjurations   | 5 6 |  6.6
Dodging        | |  2.6
Stealth        | |  2.8
Spellcasting   | |  3.8

Action                   |  1- 3 |  4- 6 || total
-------------------------+-------+-------++-------
Melee: Dagger            |       |    12 ||    12
 Cast: Magic Dart        |    64 |    20 ||    84
       Searing Ray       |     9 |     7 ||    16
  Use: Scroll            |     8 |       ||     8
  Eat: Chunk             |     3 |     2 ||     5
Armor: Robe              |     1 |     5 ||     6
Dodge: Dodged            |     6 |    13 ||    19
